 Dungeon Crawl Stone Soup version 0.23.0-3-gf3c87f2 (webtiles) character file.

Game seed: 4410645421566750852

116 wolfsongas the Grave Robber (level 5, -4/37 HPs)
             Began as a Gnoll Necromancer on Feb 23, 2019.
             Slain by an orc
             ... wielding a +1 trident of piercing
              (5 damage)
             ... on level 3 of the Dungeon.
             The game lasted 00:07:18 (3261 turns).

wolfsongas the Grave Robber (Gnoll Necromancer)     Turns: 3261, Time: 00:07:19

Health: -4/37      AC:  7    Str: 15    XL:     5   Next: 1%
Magic:  12/12      EV: 13    Int: 16    God:
Gold:   92         SH:  0    Dex: 15    Spells: 8/14 levels left

rFire    x . .     SeeInvis .   l - +0 flail
rCold    + . .     Gourm    .   (no shield)
rNeg     . . .     Faith    .   g - +0 ring mail
rPois    +         Spirit   .   (helmet restricted)
rElec    .         Reflect  .   (no cloak)
rCorr    .         Harm     .   k - +1 pair of gloves
MR       .....                  (no boots)
Stlth    +.........             (no amulet)
HPRegen  0.12/turn              i - ring of ice
MPRegen  0.13/turn              j - +4 ring of strength

@: confused, berserk cooldown, hasted and slowed
A: distributed training, fangs 1, horns 1, dopey 1, poison resistance, strong
nose
a: no special abilities


You were on level 3 of the Dungeon.
You were hungry.

You visited 1 branch of the dungeon, and saw 3 of its levels.

You collected 92 gold pieces.

Inventory:

Hand Weapons
 l - a +0 flail (weapon)
Armour
 e - a +0 chain mail
 f - a +0 leather armour
 g - a +0 ring mail (worn)
 k - a +1 pair of gloves (worn)
Jewellery
 i - a ring of ice (left hand)
 j - a +4 ring of strength (right hand)
Scrolls
 a - a scroll of remove curse {unknown}
 d - a scroll of enchant armour
 n - a scroll of teleportation
Potions
 b - a potion of resistance
 m - a potion of mutation


   Skills:
 + Level 1.2 Fighting
 + Level 1.2 Short Blades
 + Level 1.2 Long Blades
 + Level 1.2 Axes
 + Level 1.2 Maces & Flails
 + Level 1.2 Polearms
 + Level 1.2 Staves
 + Level 1.2 Slings
 + Level 1.2 Bows
 + Level 1.2 Crossbows
 + Level 1.2 Throwing
 + Level 1.2 Armour
 + Level 4.7 Dodging
 + Level 4.3 Stealth
 + Level 1.2 Shields
 + Level 1.2 Unarmed Combat
 + Level 5.1 Spellcasting
 + Level 1.0 Conjurations
 + Level 1.0 Hexes
 + Level 1.0 Charms
 + Level 1.0 Summonings
 + Level 7.1 Necromancy
 + Level 1.0 Translocations
 + Level 1.0 Transmutations
 + Level 1.0 Fire Magic
 + Level 1.0 Ice Magic
 + Level 1.0 Air Magic
 + Level 1.0 Earth Magic
 + Level 1.0 Poison Magic
 + Level 1.4 Invocations
 + Level 1.2 Evocations


You had 8 spell levels left.
You knew the following spells:

 Your Spells              Type           Power        Failure   Level  Hunger
a - Pain                  Necr           ####         1%          1    None
b - Animate Skeleton      Necr           N/A          1%          1    None
c - Animate Dead          Necr           N/A          16%         4    ####...

Your spell library contained the following spells:

 Spells                   Type           Power        Failure   Level  Hunger
 Vampiric Draining        Necr           ####......   4%          3    ###....
 Regeneration             Chrm/Necr      ###.......   16%         3    ###....


Dungeon Overview and Level Annotations

Branches:
Dungeon (3/15)

Altars:
Okawaru
Ru

Annotations:
D:3 3 runed translucent doors, Heh's ghost, amateur OpWz


Innate Abilities, Weirdness & Mutations

Your experience applies equally to all skills.
You have very sharp teeth.
Your uncanny sense of smell can sniff out nearby items.
You have a pair of small horns on your head.
You are dopey. (Int -2)
Your system is resistant to poisons. (rPois)


Message History

You feel resistant to poisons. Something hits you.
* * * LOW HITPOINT WARNING * * *
It was a potion of berserk rage.
A red film seems to cover your vision as you go berserk!
You feel yourself moving faster!
You feel mighty!
The orc hits you from afar with a +1 trident of piercing.
* * * LOW HITPOINT WARNING * * *
x2 You bump into the rock wall.
You feel a strong urge to attack something.
Something hits you.
* * * LOW HITPOINT WARNING * * *
You bump into the rock wall.
The orc misses you. Something hits you but does no damage.
You bump into the rock wall.
You feel your anger nearly subside.
You are no longer berserk.
You are exhausted.
You feel yourself slow down.
The orc hits you from afar with a +1 trident of piercing.
You die...

##
.#################
.................#
.####............#
.#.#..########.#(#
.#.#...........#@#
.#.........<####{#
.#.............oo.$#
.....#..########.#.#
.#........... #.#.#
.#.##.#..##### #.# #
.#............ #.#
.#.##.##########.#
...............#.#


You could see 2 orcs.

Vanquished Creatures
  A worker ant zombie (D:3)
  A gnoll (D:3)
  An adder (D:3)
  A worm (D:3)
  4 dart slugs
  5 leopard geckos
  6 orcs (D:3)
  4 giant cockroaches
  9 goblins
  3 hobgoblins
  4 jackals (D:1)
  A quokka (D:2)
  A ball python (D:2)
  6 bats
  4 frilled lizards
  6 kobolds
  8 rats
65 creatures vanquished.

Notes
Turn   | Place    | Note
-------+----------+-------------------------------------------
     0 | D:1      | wolfsongas the Gnoll Necromancer began the quest for the
                  | Orb.
     0 | D:1      | Reached XP level 1. HP: 13/13 MP: 6/6
     2 | D:1      | Learned a level 1 spell: Animate Skeleton
   263 | D:1      | Reached XP level 2. HP: 18/19 MP: 4/7
   908 | D:1      | Reached XP level 3. HP: 22/25 MP: 9/9
   987 | D:1      | Reached skill level 5 in Spellcasting
  1129 | D:2      | Found an iron altar of Okawaru.
  1861 | D:2      | Found a sacrificial altar of Ru.
  1873 | D:2      | Reached skill level 1 in Invocations
  2194 | D:3      | Reached skill level 1 in Fighting
  2194 | D:3      | Reached skill level 1 in Short Blades
  2194 | D:3      | Reached skill level 1 in Long Blades
  2194 | D:3      | Reached skill level 1 in Axes
  2194 | D:3      | Reached skill level 1 in Maces & Flails
  2194 | D:3      | Reached skill level 1 in Polearms
  2194 | D:3      | Reached skill level 1 in Staves
  2194 | D:3      | Reached skill level 1 in Slings
  2194 | D:3      | Reached skill level 1 in Bows
  2194 | D:3      | Reached skill level 1 in Crossbows
  2194 | D:3      | Reached skill level 1 in Throwing
  2194 | D:3      | Reached skill level 1 in Armour
  2194 | D:3      | Reached skill level 1 in Shields
  2194 | D:3      | Reached skill level 1 in Unarmed Combat
  2194 | D:3      | Reached skill level 1 in Evocations
  2194 | D:3      | Reached XP level 4. HP: 27/32 MP: 11/11
  2284 | D:3      | Learned a level 4 spell: Animate Dead
  2424 | D:3      | Found a runed translucent gate.
  2424 | D:3      | Found a runed translucent gate.
  2424 | D:3      | Found a runed translucent gate.
  2424 | D:3      | Noticed Heh's ghost (amateur OpWz)
  2447 | D:3      | Reached skill level 1 in Conjurations
  2447 | D:3      | Reached skill level 1 in Hexes
  2447 | D:3      | Reached skill level 1 in Charms
  2447 | D:3      | Reached skill level 1 in Summonings
  2447 | D:3      | Reached skill level 1 in Translocations
  2447 | D:3      | Reached skill level 1 in Transmutations
  2447 | D:3      | Reached skill level 1 in Fire Magic
  2447 | D:3      | Reached skill level 1 in Ice Magic
  2447 | D:3      | Reached skill level 1 in Air Magic
  2447 | D:3      | Reached skill level 1 in Earth Magic
  2447 | D:3      | Reached skill level 1 in Poison Magic
  3249 | D:3      | Reached XP level 5. HP: 30/37 MP: 12/12
  3257 | D:3      | Gained mutation: You are dopey. (Int -2) [potion of
                  | mutation]
  3257 | D:3      | Gained mutation: You have a pair of small horns on your
                  | head. [potion of mutation]
  3257 | D:3      | Gained mutation: Your system is resistant to poisons.
                  | (rPois) [potion of mutation]
  3259 | D:3      | HP: 2/55 [something (1)]
  3261 | D:3      | Slain by an orc

Skill      XL: |  1  2  3  4 |
---------------+-------------+-----
Spellcasting   | 5 |  5.1
Invocations    | 1 |  1.4
Fighting       | 1 |  1.2
Short Blades   | 1 |  1.2
Long Blades    | 1 |  1.2
Axes           | 1 |  1.2
Maces & Flails | 1 |  1.2
Polearms       | 1 |  1.2
Staves         | 1 |  1.2
Slings         | 1 |  1.2
Bows           | 1 |  1.2
Crossbows      | 1 |  1.2
Throwing       | 1 |  1.2
Armour         | 1 |  1.2
Shields        | 1 |  1.2
Unarmed Combat | 1 |  1.2
Evocations     | 1 |  1.2
Conjurations   | 1 |  1.0
Hexes          | 1 |  1.0
Charms         | 1 |  1.0
Summonings     | 1 |  1.0
Translocations | 1 |  1.0
Transmutations | 1 |  1.0
Fire Magic     | 1 |  1.0
Ice Magic      | 1 |  1.0
Air Magic      | 1 |  1.0
Earth Magic    | 1 |  1.0
Poison Magic   | 1 |  1.0
Dodging        | |  4.7
Stealth        | |  4.3
Necromancy     | |  7.1

Action                   |  1- 3 |  4- 6 || total
-------------------------+-------+-------++-------
Melee: Club              |    95 |       ||    95
       Bite              |    12 |    15 ||    27
       Flail             |    17 |    79 ||    96
       Punch             |       |     1 ||     1
 Cast: Pain              |    35 |    12 ||    47
       Animate Skeleton  |     1 |       ||     1
       Animate Dead      |       |     1 ||     1
  Use: Scroll            |     3 |       ||     3
       Potion            |     1 |     3 ||     4
 Stab: Sleeping          |     3 |     5 ||     8
  Eat: Ration            |     1 |     1 ||     2
Armor: Robe              |    17 |       ||    17
       Ring mail         |     8 |    36 ||    44
Dodge: Dodged            |   101 |    66 ||   167
